 Dungeon Crawl Stone Soup version 0.16-a0-3724-gf14d081 (webtiles) character file.

1883 Miyamura the Magician (level 8, -7/48 HPs)
             Began as a Deep Elf Fire Elementalist on Jan 20, 2015.
             Killed from afar by Sigmund (8 damage)
             ... with a wand of flame
             ... on level 7 of the Dungeon on Jan 21, 2015.
             The game lasted 00:45:05 (7663 turns).

Miyamura the Magician (Deep Elf Fire Elementalist)  Turns: 7663, Time: 00:45:05

Health: -7/48      AC:  3    Str:  9    XL:     8   Next: 92%
Magic:  10/26      EV: 16    Int: 27    God:
Gold:   249        SH:  0    Dex: 15    Spells: 4 memorised, 9 levels left

rFire  . . .     SeeInvis +     v - +6 dagger "Odaziost" {freeze, rC- Int+2 SInv}
rCold  x . .     Clarity  .     a - +0 robe
rNeg   . . .     SustAb   .     (no shield)
rPois  .         Gourm    +     k - +0 helmet
rElec  .         Spirit   .     (no cloak)
rCorr  .         Warding  .     (no gloves)
rMut   .         Stasis   .     (no boots)
MR     .....                    y - amulet of the gourmand
Stlth  ++........               o - +2 ring of intelligence
                                e - +4 ring of strength

@: very slightly contaminated, hasted, very quick, not resistant to hostile
enchantments, unstealthy
A: no striking features
a: no special abilities


You were on level 7 of the Dungeon.
You were near starving.

You visited 1 branch of the dungeon, and saw 7 of its levels.

You collected 417 gold pieces.
You spent 168 gold pieces at shops.

Inventory:

Hand weapons
 i - a +0 dagger
 v - the +6 dagger "Odaziost" (weapon) {freeze, rC- Int+2 SInv}
   (You found it on level 6 of the Dungeon)

   It has been specially enchanted to freeze those struck by it, causing extra
   injury to most foes and up to half again as much damage against particularly
   susceptible opponents.
   It can also slow down cold-blooded creatures.
   It affects your intelligence (+2).
   It makes you vulnerable to cold.
   It enhances your eyesight.
Armour
 a - a +0 robe (worn)
 k - a +0 helmet (worn)
 r - the +4 ring mail of Listlessness {+Twstr rF+ Str+4}
   (You found it on level 4 of the Dungeon)

   It affects your strength (+4).
   It protects you from fire.
   It can be evoked to create a twister.
Jewellery
 e - a +4 ring of strength (left hand)
 h - an uncursed ring of ice
 o - a +2 ring of intelligence (right hand)
 y - an amulet of the gourmand (around neck)
Magical devices
 B - a wand of slowing (25)
Scrolls
 n - 4 scrolls of remove curse
 q - 2 scrolls of amnesia
 s - 2 scrolls of recharging
 t - a scroll of teleportation
 u - a scroll of enchant weapon
 x - a scroll of blinking
Potions
 d - a potion of invisibility {unknown}
 g - a potion of haste
 p - a potion of restore abilities {unknown}
 z - a potion of berserk rage {unknown}
Books
 b - a book of Flames

   Spells                             Type                      Level
   a - Flame Tongue                   Conjuration/Fire             1
   b - Throw Flame                    Conjuration/Fire             2
   c - Conjure Flame                  Conjuration/Fire             3
   d - Inner Flame                    Hexes/Fire                   3
   e - Sticky Flame                   Conjuration/Fire             4
   f - Fireball                       Conjuration/Fire             5
Comestibles
 c - 3 bread rations
 f - 5 meat rations
 l - a slice of pizza
 m - 7 fruits
 w - a beef jerky
 A - a royal jelly


   Skills:
 + Level 3.8 Fighting
 + Level 6.6 Dodging
 - Level 2.4 Stealth
 + Level 7.1 Spellcasting
 + Level 6.4 Conjurations
 + Level 6.3 Fire Magic


You had 9 spell levels left.
You knew the following spells:

 Your Spells              Type           Power        Failure   Level  Hunger
a - Flame Tongue          Conj/Fire      #####        1%          1    None
b - Fireball              Conj/Fire      #####.....   14%         5    #####..
s - Sticky Flame          Conj/Fire      #####...     4%          4    ##.....
t - Throw Flame           Conj/Fire      #####.       1%          2    None


Dungeon Overview and Level Annotations

Branches:
Dungeon (7/15)
 Temple: D:4-7

Altars:
Fedhas
Makhleb
Nemelex Xobeh
Sif Muna

Shops:
D:4 ?

Annotations:
D:7 Sigmund


Message History

Aim: Sigmund, wielding a scythe, wearing a robe and carrying a wand of flame {zapped: 1} (moderately wounded, slightly transparent, unusually agile)
The sticky flame hits Sigmund.
Sigmund is moderately wounded.
Sigmund is covered in liquid flames!
You are near starving!
Sigmund burns!
The crimson imp completely misses you.
Sigmund zaps a wand.
The puff of flame hits you!
* * * LOW HITPOINT WARNING * * *
Sigmund burns!
Sigmund misses you.
Drink which item? (? for menu, Esc to quit)
You feel yourself speed up.
Sigmund burns!
The crimson imp blinks!
You are very lightly contaminated with residual magic.
Sigmund burns!
Sigmund points at you and mumbles some strange words.
The puff of flame hits you!
* * * LOW HITPOINT WARNING * * *
Drink which item? (? for menu, Esc to quit)
Okay, then.
The crimson imp misses you.
Sigmund zaps a wand.
The puff of flame hits you!
You die...

... ##........#
#. #..#(.##.###
#..
##.###..)...#
###...##..#
#..#..##
........@##
#.###.#
##.#####ยง# ##.#
## #. #.# #.##
#..###.###.#
#..@5##..#
###..#...#
##..##......#
#<.####.....
#..#..# ......
....###....#....
###.# .(.....#
... .###... ...
!#


You could see Sigmund (burning) and a crimson imp.

Vanquished Creatures
  Joseph (D:7)
  Eustachio (D:4)
  2 ogres
  An ice beast (D:6)
  A sky beast (D:5)
  2 centaurs (D:6)
  2 giant frogs (D:6)
  4 hounds
  A crimson imp (D:5)
  A jelly (D:6)
  An orc priest (D:6)
  2 centaur zombies (D:5)
  A centaur skeleton (D:5)
  A giant frog skeleton (D:4)
  An iguana (D:6)
  An orc wizard (D:6)
  2 worker ants
  Ijyb (D:3)
  Jessica (D:2)
  Terence (D:2)
  Natasha (twice) (D:3)
  4 gnolls (D:5)
  10 adders
  2 worms
  2 adder skeletons
  3 giant geckos
  6 orcs
  20 goblins
  16 hobgoblins
  9 jackals
  A ball python (D:3)
  13 bats
  8 giant cockroaches
  9 giant newts
  13 kobolds
  A quokka (D:2)
  15 rats
162 creatures vanquished.

Vanquished Creatures (others)
  Natasha (D:3)
1 creature vanquished.

Grand Total: 163 creatures vanquished

Notes
Turn   | Place    | Note
--------------------------------------------------------------
     0 | D:1      | Miyamura, the Deep Elf Fire Elementalist, began the quest for the Orb.
     0 | D:1      | Reached XP level 1. HP: 10/10 MP: 5/5
    86 | D:1      | You fall through a shaft!
   444 | D:1      | Reached XP level 2. HP: 12/15 MP: 6/8
   679 | D:1      | Learned a level 2 spell: Throw Flame
  1227 | D:1      | Reached XP level 3. HP: 20/20 MP: 5/11
  1588 | D:2      | Noticed Jessica
  1591 | D:2      | Killed Jessica
  1608 | D:2      | Noticed Terence
  1723 | D:2      | Killed Terence
  1723 | D:2      | Reached skill level 1 in Fighting
  1723 | D:2      | Reached XP level 4. HP: 21/25 MP: 5/14
  1884 | D:2      | Learned a level 4 spell: Sticky Flame
  1889 | D:2      | Found a blossoming altar of Fedhas.
  2495 | D:2      | Reached skill level 4 in Fire Magic
  2755 | D:2      | Reached XP level 5. HP: 29/29 MP: 14/17
  3142 | D:3      | Upgraded the game from 0.16-a0-3714-geb26cbe to 0.16-a0-3724-gf14d081
  3341 | D:3      | Noticed Ijyb
  3361 | D:3      | Noticed Natasha
  3367 | D:3      | Killed Natasha
  3380 | D:3      | Killed Ijyb
  3484 | D:3      | Learned a level 5 spell: Fireball
  3592 | D:3      | Found a sparkling altar of Nemelex Xobeh.
  3625 | D:3      | Noticed Natasha
  3628 | D:3      | Killed Natasha
  3784 | D:3      | Noticed Natasha
  3785 | D:3      | Killed Natasha
  3789 | D:3      | Found a burning altar of Makhleb.
  3792 | D:3      | Reached XP level 6. HP: 34/34 MP: 13/20
  4255 | D:4      | Got a brightly glowing ring mail
  4457 | D:4      | Found Cryas' Magic Scroll Boutique.
  4461 | D:4      | Bought a scroll of identify for 26 gold pieces
  4461 | D:4      | Bought a scroll of enchant weapon for 97 gold pieces
  4461 | D:4      | Bought a scroll of amnesia for 45 gold pieces
  4461 | D:4      | Identified the +4 ring mail of Listlessness {+Twstr rF+ Str+4} (You found it on level 4 of the Dungeon)
  4613 | D:4      | Reached skill level 5 in Spellcasting
  4905 | D:5      | Entered Level 5 of the Dungeon
  4905 | D:5      | Noticed Eustachio
  4949 | D:4      | Killed Eustachio
  4949 | D:4      | Reached XP level 7. HP: 14/40 MP: 4/23
  5306 | D:5      | Reached skill level 5 in Fire Magic
  5657 | D:5      | Reached skill level 5 in Dodging
  5837 | D:5      | Reached skill level 5 in Conjurations
  6031 | D:6      | Got a brightly glowing dagger
  6032 | D:6      | Identified the +6 dagger "Odaziost" {freeze, rC- Int+2 SInv} (You found it on level 6 of the Dungeon)
  6278 | D:6      | Reached skill level 6 in Spellcasting
  6278 | D:6      | Reached XP level 8. HP: 45/45 MP: 12/25
  6814 | D:6      | Found a deep blue altar of Sif Muna.
  7613 | D:7      | Noticed Joseph
  7624 | D:7      | Killed Joseph
  7624 | D:7      | Reached skill level 7 in Spellcasting
  7631 | D:7      | Noticed Sigmund
  7662 | D:7      | HP: 1/48 [Sigmund/puff of flame (7)]
  7663 | D:7      | Killed from afar by Sigmund

Action                   |  1- 3 |  4- 6 |  7- 9 || total
-------------------------+-------+-------+-------++-------
Melee: Dagger            |       |    10 |    47 ||    57
 Cast: Flame Tongue      |    52 |    78 |    35 ||   165
       Throw Flame       |    12 |   103 |    51 ||   166
       Sticky Flame      |       |     4 |    19 ||    23
  Use: Scroll            |     6 |     8 |     2 ||    16
       Potion            |       |       |     4 ||     4
  Eat: Chunk             |     3 |    11 |     9 ||    23
